 Dungeon Crawl Stone Soup version 0.22-a0-570-g58866f5 (webtiles) character file.

108 sking99 the Grave Robber (level 4, 29/36 HPs)
             Began as a Deep Dwarf Necromancer on June 30, 2018.
             Quit the game on level 4 of the Dungeon.
             The game lasted 00:09:40 (2572 turns).

sking99 the Grave Robber (Deep Dwarf Necromancer)   Turns: 2572, Time: 00:09:40

Health: 29/36      AC:  4    Str: 11    XL:     4   Next: 58%
Magic:  8/8        EV: 13    Int: 17    God:
Gold:   106        SH:  0    Dex: 13    Spells: 3/8 levels left

rFire    . . .     SeeInvis .   j - +4 spear
rCold    . . .     Gourm    .   (no shield)
rNeg     . . .     Faith    .   e - +0 leather armour
rPois    .         Spirit   .   (no helmet)
rElec    .         Reflect  .   (no cloak)
rCorr    .         Harm     .   (no gloves)
MR       .....                  n - +0 pair of boots
Stlth    ++........             (no amulet)
HPRegen  0.00/turn              (no ring)
MPRegen  0.11/turn              (no ring)

@: non-regenerating
A: damage resistance, heal wounds, sense surroundings 1, no regeneration
a: Heal Wounds


You were on level 4 of the Dungeon.
You were not hungry.

You visited 1 branch of the dungeon, and saw 3 of its levels.

You collected 106 gold pieces.

Inventory:

Hand Weapons
 j - a +4 spear (weapon)
Armour
 a - a +0 robe
 e - a +0 leather armour (worn)
 n - a +0 pair of boots (worn)
Jewellery
 h - an uncursed ring of wizardry {unknown}
Wands
 o - a wand of acid (6)
Scrolls
 b - a scroll of random uselessness {unknown}
 d - 2 scrolls of magic mapping {unknown}
 f - a scroll of immolation {unknown}
 g - 2 scrolls of identify {unknown}
 i - 2 scrolls of remove curse {unknown}
 m - a scroll of blinking {unknown}
Potions
 l - a potion of haste {unknown}
Comestibles
 c - 3 rations
 k - 2 chunks of flesh


   Skills:
 + Level 3.3 Dodging
 - Level 2.4 Stealth
 + Level 2.6 Spellcasting
 + Level 5.4 Necromancy


You had 3 spell levels left.
You knew the following spells:

 Your Spells              Type           Power        Failure   Level  Hunger
a - Pain                  Necr           ###.         2%          1    #......
b - Animate Skeleton      Necr           N/A          2%          1    #......
c - Vampiric Draining     Necr           ###.......   8%          3    ###....

Your spell library contained the following spells:

 Spells                   Type           Power        Failure   Level  Hunger
 Animate Dead             Necr           N/A          26%         4    #####..
 Regeneration             Chrm/Necr      ##........   24%         3    ###....


Dungeon Overview and Level Annotations

Branches:
Dungeon (2/15)

Altars:
Trog


Innate Abilities, Weirdness & Mutations

You are resistant to damage.
You can heal yourself by infusing magical energy.
You passively map a small area around you.
You do not regenerate.


Message History

You enter a teleport trap!
The teleport trap disappears.
Your surroundings suddenly seem different.
You fall through a shaft for 2 floors!
The shaft crumbles and collapses.
A worker ant comes into view.
Found a hand axe.
Found 21 arrows.
You see here a hand axe.
Found 19 gold pieces.
Found a scroll labeled XOQ NIEFONOVVU.
Found a brass wand.
A worker ant comes into view.
A killer bee comes into view.
g - 2 scrolls labeled XOQ NIEFONOVVU (gained 1)
An adder comes into view. 2 killer bees come into view.
The adder hisses angrily.
The killer bee buzzes angrily.
You hear an angry buzzing noise. x2
A killer bee comes into view.
A leopard gecko comes into view.
Are you sure you want to abandon this character and quit the game? (Confirm with "yes".)

, * ##..## ..##
###...# #.## ...
#.....##..# *
.........#.....#
#l.....###..###.#
* #....##* #..# *
, * ...# #..# * *
..# #..#* , , *
#.###@.## , * *
#.S.y...# * ,
#.y##./...#
#y##...###.# * #.
..## ,.a ,,
yy*#..#* *# , ##.
..## , #. .. * *
#.


You could see a worker ant (sleeping), 3 killer bees and an adder.

Vanquished Creatures
  An iguana (D:2)
  2 adders (D:2)
  5 worms (D:2)
  4 dart slugs
  A leopard gecko (D:2)
  4 bats
  2 giant cockroaches
  2 goblins (D:1)
  7 hobgoblins
  2 jackals (D:1)
  2 ball pythons (D:1)
  A frilled lizard (D:1)
  3 kobolds
  4 rats (D:2)
40 creatures vanquished.

Vanquished Creatures (collateral kills)
  2 goblins (D:1)
  2 jackals (D:1)
  A kobold (D:1)
5 creatures vanquished.

Grand Total: 45 creatures vanquished

Notes
Turn   | Place    | Note
-------+----------+-------------------------------------------
     0 | D:1      | sking99 the Deep Dwarf Necromancer began the quest for the Orb.
     0 | D:1      | Reached XP level 1. HP: 15/15 MP: 3/3
   165 | D:1      | Learned a level 1 spell: Animate Skeleton
   219 | D:1      | Reached XP level 2. HP: 11/22 MP: 1/4
   926 | D:1      | Reached skill level 5 in Necromancy
  1577 | D:2      | Reached XP level 3. HP: 27/28 MP: 4/6
  1588 | D:2      | Learned a level 3 spell: Vampiric Draining
  1756 | D:2      | Noticed a moth of wrath
  1759 | D:2      | Found a bloodstained altar of Trog.
  1788 | D:2      | Reached XP level 4. HP: 23/36 MP: 0/7
  2516 | D:2      | You fall through a shaft for 2 floors!
  2572 | D:4      | Quit the game

Vault maps used:
D:1:      lightli_arrival_farm
D:2:      tgw_trog, grunt_ministairs_2
D:4:      lemuel_upstairs_altar, kennysheep_slug_shrine, serial_shops, shop,
          first_ration

Skill      XL: |  1  2  3 |
---------------+----------+-----
Spellcasting   | 2 |  2.6
Necromancy     | 5 |  5.4
Dodging        | 3 |  3.3
Stealth        | |  2.4

Action                   |  1- 3 |  4- 6 || total
-------------------------+-------+-------++-------
Melee: Dagger            |    11 |       ||    11
       Spear             |    21 |    32 ||    53
 Cast: Pain              |    35 |    23 ||    58
       Animate Skeleton  |    12 |     3 ||    15
 Abil: Heal Wounds       |     1 |     1 ||     2
  Eat: Chunk             |     3 |     3 ||     6
Armor: Robe              |     2 |       ||     2
       Leather armour    |     4 |       ||     4
Dodge: Dodged            |    46 |     6 ||    52

Table legend:
 A = Spawn XP
 B = Non-spawn XP
 C = Spawn XP percentage of total XP
 D = Spawn monster count
 E = Non-spawn monster count
 F = Spawn count percentage of total count
 G = Total turns spent on level
                    A         B        C        D         E        F      G
               +---------+---------+-------+---------+---------+-------+---------
         Total |       0 |     155 |   0.0 |       0 |      45 |   0.0 |  2572
               +---------+---------+-------+---------+---------+-------+---------
           D:1 |       0 |      40 |   0.0 |       0 |      23 |   0.0 |  1576
           D:2 |       0 |     115 |   0.0 |       0 |      22 |   0.0 |   940
               +---------+---------+-------+---------+---------+-------+---------
